 Dungeon Crawl Stone Soup version 0.26.1-2-gb8aa6d0cf2 (webtiles) character file.

Game seed: 15883575466707979070

65 CunnyBadger the Shield-Bearer (level 3, -3/36 HPs)
             Began as a Troll Fighter on Mar 24, 2021.
             Slain by a goblin (5 damage)
             ... led by Robin
             ... on level 2 of the Dungeon.
             The game lasted 00:17:57 (1188 turns).

CunnyBadger the Shield-Bearer (Troll Fighter)       Turns: 1188, Time: 00:17:58

Health: -3/36      AC:  6    Str: 25    XL:     3   Next: 94%
Magic:  2/2        EV: 10    Int:  4    God:
Gold:   26         SH:  0    Dex:  9    Spells: 2/2 levels left

rFire    . . .     SeeInvis .   r - +2 quarterstaff (chaos)
rCold    . . .     Faith    .   (shield currently unavailable)
rNeg     . . .     Spirit   .   b - +0 robe
rPois    .         Reflect  .   (helmet restricted)
rElec    .         Harm     .   (no cloak)
rCorr    .         Rampage  .   (gloves unavailable)
Will     .....                  (boots unavailable)
Stlth    +.........             (no amulet)
HPRegen  0.52/turn              (no ring)
MPRegen  0.08/turn              (no ring)

@: attractive
A: large, unfitting armour, claws 3, regeneration 1, shaggy fur 1, tough skin 3
a: no special abilities


You were on level 2 of the Dungeon.
You visited 1 branch of the dungeon, and saw 2 of its levels.

You collected 26 gold pieces.

Inventory:

Hand Weapons
 a - a +0 war axe
 r - a +2 quarterstaff of chaos (weapon)
Missiles
 e - 44 stones (quivered)
 h - 17 sling bullets
 j - 22 poisoned darts
Armour
 b - a +0 robe (worn)
 c - a +0 kite shield
Scrolls
 f - a scroll of enchant weapon {unknown}
 g - a scroll of identify {unknown}
 l - a scroll of noise {unknown}
 n - a scroll of immolation {unknown}
 o - a scroll of fog {unknown}
Potions
 d - a potion of might
 i - a potion of mutation {unknown}
 k - a potion of brilliance {unknown}
 m - a potion of heal wounds {unknown}
 p - a potion of ambrosia {unknown}
 q - a potion of attraction


   Skills:
 + Level 2.6 Fighting
 + Level 2.3 Axes
 + Level 2.8 Dodging
 + Level 3.1 Shields


You had 2 spell levels left.
You didn't know any spells.
Your spell library was empty.

Dungeon Overview and Level Annotations

Branches:
Dungeon (2/15)

Altars:

Annotations:
D:2 Robin


Innate Abilities, Weirdness & Mutations

You are too large for most types of armour.
You have claws for hands.
Your natural rate of healing is unusually fast.
You are covered in fur. (AC +1)
You have extremely tough skin. (AC +3)


Message History

The goblins go into a battle-frenzy!
The goblin hits you.
* * * LOW HITPOINT WARNING * * *
The goblin closely misses you. x2
You barely miss the goblin.
The goblin no longer looks unusually strong. x2
The adder bites you.
* * * LOW HITPOINT WARNING * * *
The goblin hits you.
* * * LOW HITPOINT WARNING * * *
The goblin hits you with a +0 club.
* * * LOW HITPOINT WARNING * * *
The adder bites you but does no damage. The goblin hits you.
* * * LOW HITPOINT WARNING * * *
The goblin barely misses you.
It was a potion of attraction.
You feel attractive to monsters.
The hobgoblin no longer looks unusually strong.
The adder bites you but does no damage. The goblin hits you.
You die...

#.........).#......
#####.########....#
#.# ###### #.# #.#
#†# # #.###.###
#.########........
....ggS@g......###
#....gggg#.#######
..####gg..).......
##.#####.##.# .#. #
. . . . .. #.


You could see Robin, an adder, a hobgoblin and 7 goblins.

Vanquished Creatures
  Crazy Yiuf (D:2)
  An ooze (D:1)
  A dart slug (D:1)
  A leopard gecko (D:1)
  5 goblins
  6 hobgoblins
  3 jackals (D:1)
  4 kobolds (D:1)
  A ball python (D:1)
  2 bats (D:1)
  2 frilled lizards (D:1)
  4 rats
31 creatures vanquished.

Notes
Turn   | Place    | Note
-------+----------+-------------------------------------------
     0 | D:1      | CunnyBadger the Troll Fighter began the quest for the Orb.
     0 | D:1      | Reached XP level 1. HP: 22/22 MP: 0/0
   227 | D:1      | Reached XP level 2. HP: 29/29 MP: 1/1
   613 | D:1      | Reached XP level 3. HP: 36/36 MP: 2/2
   940 | D:2      | Found a runed translucent door.
  1054 | D:2      | Noticed Crazy Yiuf
  1062 | D:2      | Killed Crazy Yiuf
  1063 | D:2      | Reached skill level 3 in Shields
  1171 | D:2      | Noticed Robin
  1188 | D:2      | Slain by a goblin

Illustrated notes

Levels and vault maps discovered:
D:1:      minmay_arrival_plants_in_alcoves, layout_rooms, minivault_25,
          minmay_heptomino_h4
D:2:      layout_loops_ring, nzn_hepliaklqana_mist_gate,
          nzn_wu_jian_council_hall, kennysheep_slug_shrine, uniq_robin,
          uniq_crazy_yiuf_cottage, uniq_sigmund, uniq_jessica

Skill      XL: |  1  2  3 |
---------------+----------+-----
Axes           | 2 |  2.3
Shields        | 3 |  3.1
Fighting       | |  2.6
Dodging        | |  2.8

Action                   || total
-------------------------++-------
Melee: War axe           ||    76
       Quarterstaff      ||    23
  Use: Potion            ||     1
Armor: Robe              ||    73
Dodge: Dodged            ||    81
Block: Kite shield       ||    68
